 Dungeon Crawl Stone Soup version 0.31-a0-152-g6aa68a64a1 (webtiles) character file.

Game seed: 2896167757658055122

146 qw the Shooter (level 5, -7/49 HPs)
             Began as a Naga Hunter on June 9, 2023.
             Mangled by a gnoll
             ... wielding a +0 halberd
              (11 damage)
             ... on level 4 of the Dungeon.
             The game lasted 00:00:48 (2969 turns).

qw the Shooter (Naga Hunter)                        Turns: 2969, Time: 00:00:49

Health: -7/49      AC:  3    Str: 13    XL:     5   Next: 28%
Magic:  5/5        EV:  9    Int: 10    God:
Gold:   146        SH:  5    Dex: 16    Spells: 4/4 levels left

rFire   . . .        Y - +2 shortbow
rCold   . . .        (shield currently unavailable)
rNeg    . . .        c - +0 leather armour
rPois   +            (no helmet)
rElec   .            (no cloak)
rCorr   .            (no gloves)
SInv    +            (no barding)
Will    .....        g - amulet of reflection
Stlth   ++           (no ring)
HPRegen 0.28/turn    (no ring)
MPRegen 0.09/turn

%: reflection
@: about to teleport, short of breath, very slow
A: AC +1, large, see invisible, deformed body, poison resistance, slowness 2,
spit poison 1, naga tail 1
a: Spit Poison


You were on level 4 of the Dungeon.
You visited 1 branch of the dungeon, and saw 4 of its levels.

You collected 146 gold pieces.


Innate Abilities, Weirdness & Mutations

Your serpentine skin is tough. (AC +1)
You have supernaturally acute eyesight. (SInv)
Armour fits poorly on your strangely shaped body.
Your system is resistant to poisons. (rPois)
You cover ground very slowly.
You can spit poison.
You have a snake-like lower body.


   Skills:
 - Level 3.0 Fighting
 + Level 5.4 Ranged Weapons
 - Level 1.5 Dodging
 - Level 1.5 Stealth


You had 4 spell levels left.
You didn't know any spells.
Your spell library was empty.

Inventory:

Hand Weapons
 Y - a +2 shortbow (weapon)
Armour
 c - a +0 leather armour (worn)
 i - a +0 pair of gloves
 k - a +0 helmet
Jewellery
 g - an amulet of reflection (around neck)
 o - a ring of fire
Scrolls
 a - 2 scrolls of teleportation
 d - a scroll of identify
Potions
 b - 2 potions of haste
 e - a potion of might {unknown}
 f - a potion of curing
 h - a potion of brilliance {unknown}
 j - a potion of berserk rage {unknown}
 l - a potion of cancellation
 m - a potion of enlightenment {unknown}
 n - a potion of mutation {unknown}

Dungeon Overview and Level Annotations

Branches:
Dungeon (4/15)
 Temple: D:4-7

Altars:
Dithmenos
Trog

Shops:
D:1 *   D:3 !


Message History

The hound barely misses you. x2
The gnoll hits you from afar with a +0 halberd.
You shoot an arrow. The arrow hits the hound.
The hound is heavily wounded.
The hound bites you. The gnoll closely misses you.
You shoot an arrow. The arrow closely misses the hound.
The arrow barely misses the gnoll.
The hound bites you but does no damage. The hound bites you.
The gnoll barely misses you.
You shoot an arrow. The arrow closely misses the hound.
The arrow hits the gnoll but does no damage.
The hound bites you but does no damage. The gnoll barely misses you.
The hound stops to sniff the ground.
The hound bites you but does no damage.
You shoot an arrow. The arrow hits the hound.
The hound is severely wounded.
You have got your breath back.
The hound bites you but does no damage.
The gnoll hits you from afar with a +0 halberd.
The hound bites you.
2967 ||| INVOKING Spit Poison.
Aiming: Spit Poison (1% risk of failure)
Press: ? - help, Shift-Dir - straight line, f/p - hound The splash of poison misses the hound.
The splash of poison hits the gnoll!
The gnoll is poisoned.
The gnoll is severely wounded.
The gnoll hits you from afar with a +0 halberd.
You block the hound's attack.
You shoot an arrow. The arrow hits the hound.
The hound is almost dead.
The hound closely misses you. You block the gnoll's attack.
The hound bites you but does no damage.
The gnoll hits you from afar with a +0 halberd!
2969 ||| READING 3 scrolls of teleportation.
As you read the scroll of teleportation, it crumbles to dust.
You feel strangely unstable.
The hound looks more healthy.
The hound bites you but does no damage. You block the hound's attack.
The gnoll hits you from afar with a +0 halberd!
You die... ##### #... #gg

###h########
...#..@.......#
#......[.....#
...............#
~~.............#
~P..#..........#
~P..#..........#
~.. #..........#
....#..........#
..........###


You could see a hound and 2 gnolls.

Vanquished Creatures
  An iguana (D:4)
  3 adders
  A gnoll (D:4)
  3 worms
  A dart slug (D:2)
  9 orcs
  6 bats
  6 endoplasms
  A giant cockroach (D:4)
  7 hobgoblins
  3 ball pythons
  2 frilled lizards
  7 goblins
  8 kobolds
  5 rats
63 creatures vanquished.

Notes
Turn   | Place    | Note
-------+----------+-------------------------------------------
     0 | D:1      | qw the Naga Hunter began the quest for the Orb.
     0 | D:1      | Reached XP level 1. HP: 19/19 MP: 1/1
     0 | D:1      | 0 ||| qw: Version: 0.2-a-122-gbc61b45
     0 | D:1      | 0 ||| qw: Game counter: 3278
     0 | D:1      | 0 ||| qw: Always use a shield: true
     0 | D:1      | 0 ||| qw: God list: Okawaru
     0 | D:1      | 0 ||| qw: Allow faded altars: false
     0 | D:1      | 0 ||| qw: Do Orc after D:15 true
     0 | D:1      | 0 ||| qw: Do second Lair branch before Depths: true
     0 | D:1      | 0 ||| qw: Lair rune preference: random
     0 | D:1      | 0 ||| qw: Plans: Normal
     0 | D:1      | 0 ||| PLANNING D:1-11
    61 | D:1      | 61 ||| INVOKING Spit Poison.
   156 | D:1      | 156 ||| INVOKING Spit Poison.
   160 | D:1      | Reached skill level 4 in Ranged Weapons
   160 | D:1      | Reached XP level 2. HP: 26/26 MP: 2/2
   422 | D:1      | 422 ||| INVOKING Spit Poison.
   439 | D:1      | Found Kysuh's Assorted Antiques.
   442 | D:1      | 442 ||| INVOKING Spit Poison.
   452 | D:1      | 452 ||| SHOPLISTING orange potion (29 gold, have 14).
   452 | D:1      | 452 ||| SHOPLISTING runed wooden wand (132 gold, have 14).
   452 | D:1      | 452 ||| SHOPLISTING scroll labelled AXINID EVOIC (33 gold,
                  | have 14).
   738 | D:1      | 738 ||| INVOKING Spit Poison.
   866 | D:1      | 866 ||| DROPPING +6 ring of intelligence.
   867 | D:1      | 867 ||| READING 2 scrolls labelled EREFIE EXTE.
   870 | D:1      | 870 ||| READING scroll labelled UREICO NOELU.
   871 | D:1      | 871 ||| READING scroll labelled ZENUDGH EFEL.
   872 | D:1      | 872 ||| READING scroll labelled ANUAZAU UQUSM.
   873 | D:1      | 873 ||| DROPPING scroll of butterflies.
   890 | D:2      | Found a faded altar of an unknown god.
   899 | D:2      | 899 ||| INVOKING Spit Poison.
   902 | D:2      | Reached XP level 3. HP: 32/32 MP: 3/3
   976 | D:2      | 976 ||| INVOKING Spit Poison.
  1061 | D:2      | 1061 ||| INVOKING Spit Poison.
  1108 | D:2      | 1108 ||| INVOKING Spit Poison.
  1276 | D:2      | 1276 ||| INVOKING Spit Poison.
  1279 | D:2      | 1279 ||| INVOKING Spit Poison.
  1345 | D:2      | 1345 ||| INVOKING Spit Poison.
  1362 | D:2      | 1362 ||| INVOKING Spit Poison.
  1644 | D:2      | 1644 ||| READING scroll of enchant weapon.
  1644 | D:2      | 1644 ||| ENCHANTING +1 shortbow.
  1712 | D:2      | 1712 ||| INVOKING Spit Poison.
  1716 | D:2      | Reached skill level 5 in Ranged Weapons
  1716 | D:2      | Reached XP level 4. HP: 39/39 MP: 4/4
  1791 | D:2      | 1791 ||| READING scroll labelled AXINID EVOIC.
  1840 | D:3      | 1840 ||| PLANNING SEWER
  1885 | D:3      | Found Riadat's Distillery.
  1895 | D:3      | 1895 ||| SHOPLISTING potion of cancellation (96 gold, have
                  | 57).
  1895 | D:3      | 1895 ||| SHOPLISTING potion of heal wounds (60 gold, have
                  | 57).
  1895 | D:3      | 1895 ||| SHOPLISTING potion of mutation (96 gold, have 57).
  1914 | D:3      | 1914 ||| INVOKING Spit Poison.
  1919 | D:3      | 1919 ||| INVOKING Spit Poison.
  1983 | D:3      | Found a shadowy altar of Dithmenos.
  1991 | D:3      | 1991 ||| INVOKING Spit Poison.
  1996 | D:3      | 1996 ||| INVOKING Spit Poison.
  2012 | D:3      | Found a bloodstained altar of Trog.
  2020 | D:3      | 2020 ||| INVOKING Spit Poison.
  2021 | D:3      | 2021 ||| INVOKING Spit Poison.
  2023 | D:3      | Identified the +5 dagger "Duywk" {flame, rC+ Str+4}
  2100 | D:3      | 2100 ||| INVOKING Spit Poison.
  2105 | D:3      | 2105 ||| INVOKING Spit Poison.
  2187 | D:3      | 2187 ||| INVOKING Spit Poison.
  2359 | D:3      | 2359 ||| RIP SEWER
  2532 | D:3      | 2532 ||| PLANNING D:1-11
  2532 | D:3      | 2532 ||| INVOKING Spit Poison.
  2538 | D:3      | 2538 ||| INVOKING Spit Poison.
  2542 | D:3      | 2542 ||| INVOKING Spit Poison.
  2583 | D:3      | 2583 ||| INVOKING Spit Poison.
  2783 | D:3      | 2783 ||| INVOKING Spit Poison.
  2786 | D:3      | Reached skill level 3 in Fighting
  2792 | D:3      | 2792 ||| UPGRADING to amulet of reflection.
  2797 | D:3      | 2797 ||| READING scroll labelled KISEUDW ASUROE.
  2798 | D:3      | 2798 ||| READING scroll labelled CILANU KEICW.
  2799 | D:3      | 2799 ||| DRINKING 2 orange potions.
  2800 | D:3      | 2800 ||| DRINKING 2 smoky emerald potions.
  2801 | D:3      | 2801 ||| READING 2 scrolls of identify.
  2801 | D:3      | 2801 ||| IDENTIFYING metallic yellow potion
  2831 | D:4      | 2831 ||| INVOKING Spit Poison.
  2837 | D:4      | 2837 ||| INVOKING Spit Poison.
  2856 | D:4      | 2856 ||| INVOKING Spit Poison.
  2858 | D:4      | Reached XP level 5. HP: 49/49 MP: 5/5
  2867 | D:4      | 2867 ||| INVOKING Spit Poison.
  2932 | D:4      | 2932 ||| INVOKING Spit Poison.
  2957 | D:4      | 2957 ||| INVOKING Spit Poison.
  2962 | D:4      | 2962 ||| INVOKING Spit Poison.
  2967 | D:4      | 2967 ||| INVOKING Spit Poison.
  2968 | D:4      | HP: 4/49 [gnoll/+0 halberd (10)]
  2969 | D:4      | 2969 ||| READING 3 scrolls of teleportation.
  2969 | D:4      | Mangled by a gnoll

Levels and vault maps discovered:
D:1:      sevenhm_arrival_forest_fort_small_4, layout_basic, serial_shops, shop
D:2:      layout_basic, chequers_ecumenical_altar_simple_redux,
          chequers_serial_rivers_small_3
D:3:      layout_basic, grunt_dithmenos_smoke, bloody_trog,
          portal_sewer_entry_d, serial_shops, nicolae_shop_industrial_runoff,
          nrook_loot_triangle, kennysheep_cross_room, grunt_ministairs_9
D:4:      layout_basic, serial_shops, nicolae_shop_back_alley_shop,
          serial_bayou, serial_bayou_crossing, serial_bayou_shore_a,
          serial_bayou_ford_a, serial_bayou_pond_c, ebering_ghost_disaster_area,
          skrybe_limestone_x, hangedman_feature_mirror, uniq_eustachio

Skill      XL: |  1  2  3  4 |
---------------+-------------+-----
Ranged Weapons | 4 5 |  5.4
Fighting       | 3 |  3.0
Dodging        | |  1.5
Stealth        | |  1.5

Action                     |  1- 3 |  4- 6 || total
---------------------------+-------+-------++-------
   Fire: Shortbow          |    44 |    65 ||   109
Ability: Spit Poison       |    14 |    21 ||    35
    Use: Scroll            |     5 |     5 ||    10
         Potion            |       |     2 ||     2
 Armour: Leather armour    |       |     7 ||     7
  Dodge: Dodged            |     2 |    18 ||    20
  Block: Other             |       |     4 ||     4

Table legend:
 A = Non-vault XP
 B = Vault XP
 C = Vault XP percentage of total XP
 D = Non-vault monster count
 E = Vault monster count
 F = Vault count percentage of total count
                 A         B        C        D         E       F
            +---------+---------+-------+---------+---------+-------
      Total |     174 |      35 |  16.7 |      54 |       9 |  14.3
            +---------+---------+-------+---------+---------+-------
        D:1 |      22 |       0 |   0.0 |      13 |       0 |   0.0
        D:2 |      61 |       0 |   0.0 |      19 |       0 |   0.0
        D:3 |      36 |      28 |  43.8 |      17 |       6 |  26.1
        D:4 |      55 |       7 |  11.3 |       5 |       3 |  37.5
            +---------+---------+-------+---------+---------+-------
